 Dungeon Crawl Stone Soup version 0.20-a0-1017-gc3250ce (webtiles) character file.

72 roguesci the Grasshopper (level 4, -4/37 HPs)
             Began as a Draconian Warper on Apr 16, 2017.
             Slain by a gnoll
             ... wielding a +1 whip of electrocution
              (13 damage)
             ... on level 1 of the Dungeon.
             The game lasted 00:04:29 (1566 turns).

roguesci the Grasshopper (Draconian Warper)         Turns: 1566, Time: 00:04:29

Health: -4/37      AC:  5    Str: 13    XL:     4   Next: 7%
Magic:  5/7        EV: 12    Int: 14    God:
Gold:   81         SH:  0    Dex: 11    Spells: 1/8 levels left

rFire    . . .     SeeInvis .     - Unarmed
rCold    . . .     Gourm    .   (no shield)
rNeg     . . .     Faith    .   (armour unavailable)
rPois    .         Spirit   .   (helmet restricted)
rElec    .         Reflect  .   (no cloak)
rCorr    .         Harm     .   (no gloves)
MR       .....                  (no boots)
Stlth    ++........             (no amulet)
Regen    0.2/turn               (no ring)
MPRegen  0.1/turn               (no ring)

@: shrouded
A: unfitting armour, cold-blooded, AC +5
a: no special abilities


You were on level 1 of the Dungeon.
You were not hungry.

You visited 1 branch of the dungeon, and saw 2 of its levels.

You collected 81 gold pieces.

Inventory:

Missiles
 c - 5 tomahawks of dispersal (quivered)
 f - 4 stones
Scrolls
 b - a scroll of blinking
 e - 2 scrolls of identify {unknown}
 g - a scroll of enchant armour {unknown}
 h - 2 scrolls of fear {unknown}
 k - a scroll of random uselessness {unknown}
 l - a scroll of noise {unknown}
 p - a scroll of fog {unknown}
Potions
 i - 2 potions of heal wounds {unknown}
 j - 4 potions of lignification {unknown}
 n - a potion of berserk rage {unknown}
 o - a potion of curing {unknown}
Books
 a - a book of Spatial Translocations

   Spells                             Type                      Level
   a - Blink                          Translocation                2
   b - Shroud of Golubria             Charms/Translocation         2
   c - Lesser Beckoning               Translocation                3
   d - Gell's Gravitas                Translocation                3
   e - Teleport Other                 Translocation                3
   f - Passage of Golubria            Translocation                4
Comestibles
 d - a bread ration
 m - a fruit


   Skills:
 + Level 2.5 Fighting
 - Level 0.8 Throwing
 * Level 2.6 Dodging
 * Level 2.0 Stealth
 + Level 2.4 Unarmed Combat
 * Level 2.5 Spellcasting
 - Level 3.0 Translocations


You had one spell level left.
You knew the following spells:

 Your Spells              Type           Power        Failure   Level  Hunger
a - Shroud of Golubria    Chrm/Tloc      #.........   21%         2    ###....
b - Blink                 Tloc           N/A          12%         2    ###....
c - Teleport Other        Tloc           ##......     21%         3    ###....


Dungeon Overview and Level Annotations

Branches:
Dungeon (2/15)

Altars:


Innate Abilities, Weirdness & Mutations

Your plain brown scales are hard. (AC +5)
You cannot fit into any form of body armour.
You are cold-blooded and may be slowed by cold attacks.


Message History

The gnoll closely misses you. The gnoll hits you but does no damage.
You climb upwards.
There is a stone staircase leading down, spattered with blood here.
The gnoll closely misses you.
You see here a frilled lizard skeleton.
The gnoll barely misses you.
Casting: Shroud of Golubria
Confirm with . or Enter, or press ? or * to list all spells.
Space distorts slightly along a thin shroud covering your body.
The gnoll hits you but does no damage. x2
You hit the gnoll.
The gnoll is heavily wounded.
Your shroud bends the gnoll's attack away.
The gnoll hits you from afar with a halberd!
You hit the gnoll.
The gnoll is almost dead.
The gnoll hits you with a whip of electrocution.
* * * LOW HITPOINT WARNING * * *
You are electrocuted!
You die...

#..... #..... ##########.....
#############..............
######..........................
##.........#######...............
...##.......## ################
.###..[......# ###..##...##.###..
.............# #@#....###.##.#.##
#.##.........# #g#<.######.#.#...
#............###g#....##.#..##.##
###..............#..##.#.#.###.##
#.#....)..####รท######..##.###.#
#..........###>..#########.(.##
##.........#.w)####...##.######
###)............## #..####.#....#
##............### #.####.......#


You could see 2 gnolls and a dart slug.

Vanquished Creatures
  A hound (D:1)
  A gnoll (D:1)
  A dart slug (D:1)
  A leopard gecko (D:2)
  2 giant cockroaches (D:1)
  8 goblins (D:1)
  3 hobgoblins (D:1)
  6 bats (D:1)
  3 frilled lizards (D:1)
  3 kobolds
29 creatures vanquished.

Notes
Turn   | Place    | Note
-------+----------+-------------------------------------------
     0 | D:1      | roguesci the Draconian Warper began the quest for the Orb.
     0 | D:1      | Reached XP level 1. HP: 17/17 MP: 3/3
   282 | D:1      | Reached XP level 2. HP: 24/24 MP: 5/5
   356 | D:1      | Reached skill level 1 in Stealth
   463 | D:1      | Learned a level 2 spell: Shroud of Golubria
   466 | D:1      | Learned a level 2 spell: Blink
   996 | D:1      | Reached XP level 3. HP: 15/30 MP: 6/6
  1410 | D:1      | Reached XP level 4. HP: 20/37 MP: 5/7
  1555 | D:1      | Learned a level 3 spell: Teleport Other
  1566 | D:1      | Slain by a gnoll

Vault maps used:
D:1:      dpeg_arrival_signposts
D:2:      uniq_jessica, uniq_robin

Skill      XL: |  1  2  3 |
---------------+----------+-----
Stealth        | 1 2 |  2.0
Fighting       | |  2.5
Throwing       | |  0.8
Dodging        | |  2.6
Unarmed Combat | |  2.4
Spellcasting   | |  2.5
Translocations | |  3.0

Action                   |  1- 3 |  4- 6 || total
-------------------------+-------+-------++-------
Melee: Unarmed           |   145 |     6 ||   151
       Punch             |     3 |       ||     3
       Tailslap          |     6 |       ||     6
 Cast: Shroud of Golubri |     7 |     1 ||     8
 Stab: Sleeping          |     1 |       ||     1
  Eat: Chunk             |     1 |     1 ||     2
       Fruit             |     1 |       ||     1
Armor: Skin              |    66 |     5 ||    71
Dodge: Dodged            |   174 |     5 ||   179
